 Dungeon Crawl Stone Soup version 0.31.0-11-ge490571c62 (webtiles) character file.

Game seed: 12746458948303065767

188 Ruich the Sneak (level 5, 0/37 HPs)
             Began as a Vampire Enchanter on Feb 4, 2024.
             Incinerated by a bombardier beetle (2 damage)
             ... with a burning spray
             ... on level 3 of the Dungeon.
             The game lasted 00:06:19 (2777 turns).

Ruich the Sneak (Vampire Enchanter)                 Turns: 2777, Time: 00:06:20

Health: 0/37       AC: 18    Str:  9    XL:     5   Next: 39%
Magic:  8/8        EV:  8    Int: 23    God:
Gold:   179        SH:  0    Dex: 14    Spells: 3/8 levels left

rFire   + . .        e - +1 dagger (vamp)
rCold   + . .        (no shield)
rNeg    . . .        q - +9 scale mail of Free Will {Int+5}
rPois   +            p - +0 helmet
rElec   +            h - +0 cloak
rCorr   +            o - +0 pair of gloves
SInv    +            (no boots)
Will    .....        (no amulet)
Stlth   +            P - ring of poison resistance
HPRegen 0.46/turn    (no ring)
MPRegen 0.11/turn

%: no passive effects
@: on fire, resistant, healing quickly, glowing
A: alive, fangs 3, see invisible, vampiric 2
a: Exsanguinate


You were on level 3 of the Dungeon.
You visited 1 branch of the dungeon, and saw 3 of its levels.

You collected 179 gold pieces.


Innate Abilities, Weirdness & Mutations

Your natural rate of healing is accelerated.
You have razor-sharp teeth.
You have supernaturally acute eyesight. (SInv)
You are afflicted with vampirism and can become a bat while bloodless.


   Skills:
 + Level 1.0 Fighting
 + Level 3.0 Short Blades
 - Level 2.1 Dodging
 * Level 7.4 Stealth
 - Level 2.0 Spellcasting
 - Level 5.3 Hexes


You had 3 spell levels left.
You knew the following spells:

 Your Spells              Type           Power      Damage    Failure   Level
c - Confusing Touch       Hex            27%        N/A       36%         3
f - Ensorcelled Hibernat  Hex/Ice        28%        N/A       50%         2

Your spell library contained the following spells:

 Spells                   Type           Power      Damage    Failure   Level
 Tukima's Dance           Hex            27%        N/A       36%         3
 Dazzling Flash           Conj/Hex       28%        N/A       73%         3
 Stone Arrow              Conj/Erth      4%         3d7       97%         3
 Animate Armour           Summ/Erth      4%         N/A       100%        4
 Lehudib's Crystal Spear  Conj/Erth      1%         10d2      100%        8

Inventory:

Hand Weapons
 e - a +1 vampiric dagger (weapon)
Missiles
 j - 6 poisoned darts
Armour
 b - a +0 robe
 h - a +0 cloak (worn)
 o - a +0 pair of gloves (worn)
 p - a +0 helmet (worn)
 q - the +9 scale mail of Free Will (worn) {Int+5}
   (You found it on level 3 of the Dungeon)

   Int+5:     It affects your intelligence (+5).
Magical Staves
 s - a staff of death {!a}
Jewellery
 P - a ring of poison resistance (left hand)
Scrolls
 a - 2 scrolls of fog {unknown}
 d - 4 scrolls of teleportation {unknown}
 f - a scroll of amnesia {unknown}
 g - a scroll of blinking {unknown}
 i - a scroll of brand weapon {unknown}
 l - 6 scrolls of identify {unknown}
 t - 2 scrolls of fear {unknown}
Potions
 c - 2 potions of invisibility (quivered)
 k - 2 potions of degeneration {unknown}
 m - a potion of mutation {unknown}
 n - a potion of resistance
 r - a potion of might {unknown}

Dungeon Overview and Level Annotations

Branches:
Dungeon (3/15)

Altars:
Gozag
Wu Jian

Shops:
D:3 [

Annotations:
D:2 Natasha

#.# #.#...####....# #.#
#.###########.#
##########.###...........#.#+####
.................#######.#......#
...........#####.# #.#......#
...........# #†# ###.#......#
....%......# #.# #...........
.########### #.# #...###'##.. ##
#@###########.##..
#)†.....#.....##..
#..........#.#.######..
#..........# #.# #.. #..........#
#.# #.. ######## #............#.#
#.. ...(...# #..........<.#.# #..
.......# #.......[....#.## ###
.......# #..........#.#..# #####


There were no monsters in sight!


Message History

The bombardier beetle bites you but does no damage.
You hit the kobold.
You feel better.
The kobold is heavily wounded.
The liquid fire burns you!
* * * LOW HITPOINT WARNING * * *
The kobold barely misses you.
You hit the kobold.
You feel better.
The kobold is severely wounded.
The liquid fire burns you!
* * * LOW HITPOINT WARNING * * *
The kobold hits you with a +0 club.
* * * LOW HITPOINT WARNING * * *
The bombardier beetle bites you.
* * * LOW HITPOINT WARNING * * *
You hit the bombardier beetle.
You feel better.
You kill the bombardier beetle!
The liquid fire burns you!
* * * LOW HITPOINT WARNING * * *
The kobold hits you but does no damage.
Your Fighting skill increases to level 1!
Your Short Blades skill increases to level 3!
You hit the kobold.
You kill the kobold!
The liquid fire burns you!
* * * LOW HITPOINT WARNING * * *
Unknown command.
It was a potion of resistance.
You feel protected. The liquid fire burns you!
You die...

Skill      XL: |  1  2  3  4  5 |
---------------+----------------+-----
Stealth        | 5 6 7 |  7.4
Short Blades   | 2 3 |  3.0
Hexes          | 5 |  5.3
Fighting       | 1 |  1.0
Dodging        | |  2.1
Spellcasting   | |  2.0

Action                     |  1- 3 |  4- 6 || total
---------------------------+-------+-------++-------
  Melee: Dagger            |    41 |    96 ||   137
         Bite              |     3 |     9 ||    12
         Punch             |       |     1 ||     1
  Throw: Dart              |     1 |       ||     1
   Cast: Ensorcelled Hiber |     3 |     6 ||     9
    Use: Potion            |       |     1 ||     1
   Stab: Sleeping          |    10 |    12 ||    22
 Armour: Robe              |    18 |    19 ||    37
         Scale mail        |       |    21 ||    21
  Dodge: Dodged            |    15 |    34 ||    49

Levels and vault maps discovered:
D:1:      psy_arrival_heroes, layout_loops_ring,
          shapermc_ecumenical_altar_mp_vishouse
D:2:      layout_loops_corners, basic_altar, grunt_ministairs_5, uniq_natasha,
          uniq_jessica
D:3:      layout_basic, grunt_gozag_statues, serial_shops, shop

Notes
Turn   | Place    | Note
-------+----------+-------------------------------------------
     0 | D:1      | Ruich the Vampire Enchanter began the quest for the Orb.
     0 | D:1      | Reached XP level 1. HP: 13/13 MP: 3/3
   200 | D:1      | Reached XP level 2. HP: 19/19 MP: 5/5
   224 | D:1      | Reached skill level 5 in Stealth
   432 | D:1      | Found a faded altar of an unknown god.
   469 | D:2      | Found an ornate altar of the Wu Jian Council.
   945 | D:2      | Noticed Natasha
   946 | D:2      | Killed Natasha
   947 | D:2      | Reached skill level 2 in Short Blades
   947 | D:2      | Reached skill level 5 in Hexes
   947 | D:2      | Gained mutation: You are afflicted with vampirism and can
                  | become a bat while bloodless. [Vampire growth]
   947 | D:2      | Reached XP level 3. HP: 24/24 MP: 6/6
   991 | D:2      | Noticed Jessica
   995 | D:2      | Learned a level 2 spell: Ensorcelled Hibernation
  1004 | D:2      | Killed Jessica
  1005 | D:2      | Reached skill level 6 in Stealth
  1005 | D:2      | Reached XP level 4. HP: 30/30 MP: 0/7
  1369 | D:2      | Noticed Natasha
  1554 | D:1      | Learned a level 3 spell: Confusing Touch
  2142 | D:3      | Found an opulent altar of Gozag.
  2164 | D:3      | Found Qaepniff's Armour Emporium.
  2317 | D:3      | Identified the +9 scale mail of Free Will {Int+5}
  2479 | D:3      | Reached skill level 7 in Stealth
  2479 | D:3      | Reached XP level 5. HP: 36/36 MP: 8/8
  2776 | D:3      | Reached skill level 1 in Fighting
  2776 | D:3      | Reached skill level 3 in Short Blades
  2776 | D:3      | HP: 2/37 [burnt (5)]
  2777 | D:3      | Identified 2 potions of resistance
  2777 | D:3      | Incinerated by a bombardier beetle

Vanquished Creatures
  2 bombardier beetles (D:3)
  Jessica (D:2)
  Natasha (D:2)
  2 adders
  2 dart slugs
  3 bats
  4 endoplasms
  A giant cockroach (D:3)
  4 goblins
  8 hobgoblins
  2 jackals (D:1)
  4 quokkas (D:1)
  3 ball pythons
  4 frilled lizards
  6 kobolds
  4 rats
51 creatures vanquished.

Table legend: (Time is in decaauts)
 A = Elapsed time spent in this place.
 B = Non-inter-level travel time spent in this place.
 C = Inter-level travel time spent in this place.
 D = Time resting spent in this place.
 E = Time spent auto-exploring this place.
 F = Levels seen in this place.
 G = Mean time per level.
                   A        B        C        D        E       F      G
               +--------+--------+--------+--------+--------+-----+--------+
         Total |   2761 |   2699 |     62 |    220 |   1940 |   3 |  920.3 |
       Dungeon |   2761 |   2699 |     62 |    220 |   1940 |   3 |  920.3 |
               +--------+--------+--------+--------+--------+-----+--------+

Top non-repeatable levels by time:
     D:2: 1128 daAuts
     D:1: 957 daAuts
     D:3: 675 daAuts

Table legend:
 A = Non-vault XP
 B = Vault XP
 C = Vault XP percentage of total XP
 D = Non-vault monster count
 E = Vault monster count
 F = Vault count percentage of total count
                 A         B        C        D         E       F
            +---------+---------+-------+---------+---------+-------
      Total |     184 |      85 |  31.6 |      47 |       4 |   7.8
            +---------+---------+-------+---------+---------+-------
        D:1 |      43 |       0 |   0.0 |      24 |       0 |   0.0
        D:2 |      10 |      85 |  89.5 |       7 |       4 |  36.4
        D:3 |     131 |       0 |   0.0 |      16 |       0 |   0.0
            +---------+---------+-------+---------+---------+-------
